 Dungeon Crawl Stone Soup version 0.24.0-123-gd5b16e6ec5 (webtiles) character file.

Game seed: 14883110691964885369, levelgen mode: deterministic

683702 Goreval the Wrestler (level 27, -15/291 HPs)
             Began as a Troll Berserker on Dec 23, 2019.
             Was the Champion of Trog.
             Demolished by an acid blob (27 damage)
             ... while paralysed by a floating eye
             ... on level 3 of the Pits of Slime on Jan 7, 2020.
             The game lasted 03:00:51 (66100 turns).

Goreval the Wrestler (Troll Berserker)             Turns: 66100, Time: 03:00:52

Health: -15/291    AC: 19    Str: 34    XL:     27
Magic:  15/22      EV:  1    Int:  4    God:    Trog [******]
Gold:   5104       SH:  0    Dex: 18    Spells: 26/26 levels left

rFire    + + +     SeeInvis +     - Unarmed
rCold    + . .     Gourm    +   o - +4 large shield {rF+}
rNeg     + . .     Faith    .   E - +5 gold dragon scales
rPois    +         Spirit   .   Q - +0 hat of a treasure trove {rC+ Dex+4 Slay+2 Stlth+}
rElec    +         Reflect  +   u - +2 cloak {MR+}
rCorr    .         Harm     .   (gloves unavailable)
MR       +++..     Rnd*Rage +   (boots unavailable) Stlth ..........Rnd*Tele +
                                G - amulet "Loikhliom" {Reflect rElec Str-4 Dex+2 SH+4}
HPRegen  0.98/turn              P - ring "Duguaw" {Fire rN+}
MPRegen  0.18/turn              s - ring of see invisible

@: paralysed, corroded
A: large, unfitting armour, claws 3, iridescent scales 2, large bone plates 1,
berserk 1, blurry vision 1, deterioration 2, fast metabolism 3, gourmand,
regeneration 1, shaggy fur 1, teleportitis 1, tough skin 3
}: 4/15 runes: decaying, silver, abyssal, gossamer
a: Berserk, Trog's Hand, Brothers in Arms, Renounce Religion


You were on level 3 of the Pits of Slime.
You worshipped Trog.
Trog was exalted by your worship.
You were not hungry.

You visited 10 branches of the dungeon, and saw 48 of its levels.
You visited the Abyss 4 times.
You visited 1 bazaar.
You also visited: Sewer, Gauntlet, Volcano and Wizlab.

You collected 6747 gold pieces.
You spent 1643 gold pieces at shops.

Inventory:

Missiles
 e - 6 atropa-tipped darts
 n - 19 datura-tipped darts
 p - 27 curare-tipped darts
 y - 170 large rocks
 D - 22 silver javelins
 I - 72 poisoned darts
 O - 13 boomerangs (quivered)
 T - 23 javelins
 U - 4 throwing nets
Armour
 o - a +4 large shield of fire resistance (worn)
 u - a +2 cloak of magic resistance (worn)
 E - +5 gold dragon scales (worn)
 Q - the +0 hat of a treasure trove (worn) {rC+ Dex+4 Slay+2 Stlth+}
   (You acquired it on level 1 of the Swamp)

   It affects your dexterity (+4).
   It affects your accuracy and damage with ranged weapons and melee attacks
   (+2).
   It protects you from cold.
   It makes you more stealthy.
Jewellery
 g - the ring "Obext" {Wiz rC+ Dex+2}
   (You found it on level 2 of the Vaults)

   [ring of wizardry]

   It improves your spell success rate.
   It affects your dexterity (+2).
   It protects you from cold.
 s - a ring of see invisible (right claw)
 A - an uncursed ring of flight
 F - an uncursed ring of protection from magic
 G - the amulet "Loikhliom" (around neck) {Reflect rElec Str-4 Dex+2 SH+4}
   (You acquired it on level 1 of the Swamp)

   [amulet of reflection]

   It shields you and reflects attacks.
   It affects your strength (-4).
   It affects your dexterity (+2).
   It insulates you from electricity.
   It affects your SH (+4).
 P - the ring "Duguaw" (left claw) {Fire rN+}
   (You took it off a deep elf elementalist on level 3 of the Elven Halls)

   [ring of fire]

   It enhances your fire magic.
   It protects you from fire.
   It makes you vulnerable to cold.
   It protects you from negative energy.
 R - an uncursed ring of positive energy
Wands
 Y - a wand of digging (2)
Scrolls
 c - 19 scrolls of remove curse
 d - 10 scrolls of magic mapping
 l - a scroll of silence
 m - 24 scrolls of teleportation
 B - 12 scrolls of fear
 L - 8 scrolls of blinking
 X - 23 scrolls of identify
 Z - 2 scrolls of fog
Potions
 f - 6 potions of agility
 h - 2 potions of resistance
 i - 14 potions of flight
 j - 5 potions of might
 k - 7 potions of haste
 t - 9 potions of heal wounds
 v - 10 potions of curing
 x - 7 potions of cancellation
 z - 8 potions of lignification
 S - 7 potions of ambrosia
 V - a potion of magic
Miscellaneous
 C - a phantom mirror
Comestibles
 b - 61 rations


   Skills:
 + Level 20.0 Fighting
 - Level 6.0 Throwing
 + Level 19.9 Armour
 - Level 12.0 Dodging
 - Level 15.0 Shields
 + Level 24.6 Unarmed Combat


You had 26 spell levels left.
You didn't know any spells.
Your spell library was empty.

Dungeon Overview and Level Annotations

Branches:
Dungeon (15/15)            Temple (0/1) D:6            Lair (6/6) D:8
  Swamp (4/4) Lair:2       Spider (4/4) Lair:3        Slime (3/5) Lair:6
    Orc (2/2) D:11            Elf (3/3) Orc:2        Vaults (5/5) D:13
  Crypt (1/3) Vaults:3     Depths (5/5) D:15            Zot (0/5) Depths:5
  Sewer (visited)         Volcano (visited)          WizLab (visited)
Gauntlet (visited)

Altars:
Ashenzari
Elyvilon
Fedhas
Nemelex Xobeh
Qazlal
Ru
Trog
Xom
Yredelemnul
Zin
The Shining One
Beogh
Jiyva

Shops:
D:11 (   D:15 !   Orc:2 [**[[*%:   Elf:1 !:%!   Elf:2 !   Vaults:1 =
Vaults:4 *   Depths:2 !   Depths:4 (

Portals:
Hell: Depths:1 Depths:2 Depths:3 Depths:4 Depths:5
Abyss: Depths:1 Depths:4
Pandemonium: Depths:1 Depths:3 Depths:5
Ziggurat: Depths:5


Innate Abilities, Weirdness & Mutations

You are too large for most types of armour.
You have claws for hands.
Your metabolism is lightning-fast.
You like to eat raw meat.
Your natural rate of healing is unusually fast.
You are covered in fur. (AC +1)
You have extremely tough skin. (AC +3)
You are mostly covered in iridescent scales. (AC +4)
You are partially covered in large bone plates. (SH +4)
You tend to lose your temper in combat.
Scrolls take you a little longer to read.
Your body often deteriorates upon taking damage.
You are occasionally teleported next to monsters.


Message History

The floating eye gazes piercingly through you!
You suddenly lose the ability to move!
The azure jelly hits you but does no damage. x4
The floating eye's view fixates on you.
The azure jelly hits you but does no damage.
The azure jelly hits you!
* * * LOW HITPOINT WARNING * * *
The azure jelly freezes you! You resist.
* * * LOW HITPOINT WARNING * * *
The azure jelly hits you but does no damage.
The azure jelly hits you.
* * * LOW HITPOINT WARNING * * *
The acid blob hits you.
* * * LOW HITPOINT WARNING * * *
You are splashed with acid.
* * * LOW HITPOINT WARNING * * *
The sentinel's mark upon you fades away.
The azure jelly hits you but does no damage. x4
The acid blob hits you!!
You die...

..... ...####.##
.....##.#.#....##
................#
...............#
#..............##
................#
..#..>.GJ......#
........JJJJ...##
.........J@.....#
.......#.......## #
......##....#### .##
.#.....#....## #...#
##...#.#....## ##..## ##
#............###....###.##
.....#...............#...#
#####.............##....
#...#..........#.....


You could see 2 acid blobs, 2 azure jellies, 2 slime creatures and a floating
eye.

Vanquished Creatures
  An ancient lich (Vaults:5)
  A juggernaut (Depths:5)
  The ghost of corvin the Brawler, a veteran TrBe of Trog (Vaults:3)
  A profane servitor (Abyss:5)
  8 golden dragons
  Arachne (Spider:3)
  A Hellbinder (WizLab)
  7 bone dragons
  The ghost of agentgt the Covert, an adept HuVM of Kikubaaqudgha (Elf:3)
  2 tentacled monstrosities
  4 liches
  2 deep elf blademasters (Elf:3)
  3 titans
  5 acid blobs (Slime:3)
  Gastronok (Lair:2)
  13 tentacled starspawn
  4 thorn hunters
  An ancient champion (Vaults:3)
  3 shadow dragons (Vaults:5)
  3 sphinxes
  6 tengu reavers
  8 storm dragons
  A draconian monk (Depths:5)
  The ghost of kuniqs the Eclecticist, an adept DEWz of Vehumet (Spider:2)
  A revenant (Abyss:1)
  2 azure jellies
  5 frost giants
  7 fire giants
  2 iron dragons (Vaults:5)
  5 deep elf sorcerers
  An orc warlord (Orc:1)
  14 vault wardens
  A cacodemon (Vaults:3)
  3 ghost moths (Spider:4)
  Aizul (Spider:3)
  An angel (Abyss:1)
  A draconian shifter (Depths:5)
  10 emperor scorpions
  A ghoul (Crypt:1)
  3 balrugs
  7 ironheart preservers
  6 deep elf elementalists
  3 spriggan defenders
  A reaper (Depths:3)
  33 very ugly things
  23 stone giants
  4 war gargoyles
  2 purple draconians
  4 black draconians
  A blood saint (WizLab)
  2 ophanim
  4 entropy weavers
  3 deep elf annihilators
  4 lorocyprocas
  6 deep elf demonologists
  A minotaur (Gauntlet)
  A minotaur (shapeshifter) (Vaults:5)
  4 vampire knights
  2 spark wasps (Depths:2)
  2 yellow draconians (Depths:5)
  The ghost of Anyutwal the Cleaver, a journeyman HOFi of Beogh (D:12)
  2 eidola
  15 ettins
  A crystal guardian (Vaults:5)
  A green death (Abyss:1)
  Josephine (D:10)
  2 blizzard demons
  3 death oozes
  10 deep elf death magi
  13 great orbs of eyes
  Erolcha (D:9)
  2 jiangshi (Crypt:1)
  14 yaktaur captains
  7 ice dragons
  6 rakshasas
  11 fire dragons
  26 vault guards
  6 deep elf high priests
  Harold (D:9)
  17 hydras
  A ghost crab (Swamp:3)
  A hydra (shapeshifter) (Vaults:1)
  16 centaur warriors
  A monstrous demonspawn (Depths:3)
  2 catoblepae
  3 spriggan air magi
  A caustic shrike simulacrum (Depths:3)
  A merfolk avatar (Lair:6)
  7 shambling mangroves
  2 death knights (Vaults:3)
  15 alligators
  30 dancing weapons
  4 death yaks (Lair:3)
  5 deep troll shamans
  5 orc high priests (Orc:2)
  A vampire mage (Depths:3)
  Urug (D:13)
  10 deep troll earth magi
  23 two-headed ogres
  15 wretched stars
  3 tengu warriors
  10 ogre magi
  16 thrashing horrors
  3 spriggan berserkers (Depths:4)
  2 hell knights
  A shock serpent (shapeshifter) (Elf:3)
  3 sixfirhies
  5 spatial maelstroms
  3 shadow wraiths
  36 deep elf knights
  5 sun demons
  8 spriggans
  A storm dragon skeleton (Depths:4)
  2 golden dragon zombies
  3 iron trolls (Depths:1)
  2 unseen horrors
  A spectral entropy weaver (Spider:2)
  2 soul eaters
  2 spark wasp zombies (Depths:1)
  9 glowing orange brains
  2 spriggan druids
  A sea snake (Lair:6)
  A gelid demonspawn (Depths:3)
  34 starcursed masses
  16 deep trolls
  18 deep elf archers
  19 swamp dragons
  14 ironbrand convokers
  Pikel (D:7)
  2 tengu zombies
  4 lindwurms
  3 phantasmal warriors
  2 flayed ghosts
  A harpy (shapeshifter) (Vaults:5)
  An orange crystal statue (Gauntlet)
  A harpy (Lair:6)
  7 necromancers
  6 wizards
  20 orc knights
  2 frost giant zombies
  60 ugly things
  An obsidian statue (Depths:5)
  18 orb spiders
  A wolf spider zombie (D:13)
  22 wolf spiders
  4 manticores
  88 deep elf magi
  2 manticores (shapeshifter)
  38 large abominations
  2 human zombies (Vaults:4)
  A salamander (Abyss:1)
  6 orc sorcerers
  A fire giant zombie (Abyss:4)
  6 worldbinders
  Maurice (D:9)
  A moth of wrath (Spider:4)
  A toenail golem (Volcano)
  A salamander (shapeshifter) (Vaults:3)
  8 shining eyes
  2 stone giant skeletons
  A moth of wrath (shapeshifter) (Vaults:5)
  9 cyclopes
  7 elephants
  9 orange demons
  3 rust devils (WizLab)
  4 molten gargoyles (Volcano)
  3 centaur zombies
  A guardian serpent (shapeshifter) (Vaults:1)
  17 vault sentinels
  3 black mambas
  A black mamba (shapeshifter) (Vaults:1)
  2 naga magi (D:15)
  3 eyes of devastation (Slime:3)
  A spiny frog (shapeshifter) (Depths:3)
  18 spiny frogs
  3 apocalypse crabs
  12 smoke demons
  A torpor snail (Lair:4)
  4 hellions
  5 spectral swamp worms (Depths:1)
  4 gargoyles
  A komodo dragon (shapeshifter) (Vaults:3)
  5 rime drakes
  8 ice devils
  11 komodo dragons
  9 demonic crawlers
  8 efreet
  A redback zombie (D:15)
  7 hellwings
  5 red devils
  5 tormentors
  7 freezing wraiths
  11 ancient zymes
  A yaktaur skeleton (Depths:1)
  36 yaktaurs
  A harpy zombie (D:13)
  A queen bee (shapeshifter) (Vaults:5)
  A tyrant leech (shapeshifter) (Depths:4)
  A jumping spider (shapeshifter) (Depths:1)
  A hydra zombie (Abyss:3)
  A polar bear (shapeshifter) (Elf:2)
  7 trolls
  3 tengu conjurers
  A wind drake (Lair:6)
  A meliai (shapeshifter) (Depths:5)
  21 jumping spiders
  10 tyrant leeches
  36 hornets
  5 polar bears
  A fire dragon zombie (Depths:1)
  A slime creature (shapeshifter) (Vaults:5)
  A tengu simulacrum (Vaults:4)
  131 slime creatures
  7 blink frogs
  Grinder (D:3)
  9 bog bodies
  A sphinx simulacrum (Vaults:1)
  12 hippogriffs
  A harpy skeleton (D:15)
  14 raiju
  4 human simulacra
  22 small abominations
  4 flying skulls (Abyss:5)
  A fire giant simulacrum (Depths:3)
  64 redbacks
  A centaur simulacrum (D:15)
  A shadow (D:15)
  5 air elementals
  8 wraiths
  15 tarantellas
  3 wyverns
  An ettin skeleton (Abyss:1)
  2 yaks (shapeshifter)
  12 ynoxinuls
  A spriggan simulacrum (Depths:4)
  4 basilisks
  38 yaks
  11 water elementals
  A vampire (D:14)
  7 fire elementals
  Grum (D:9)
  2 chaos spawn
  15 insubstantial wisps
  7 hungry ghosts
  8 neqoxecs
  9 vampire mosquitoes
  Menkaure (D:7)
  A spatial vortex (Abyss:1)
  12 swamp worms
  A spectral orb spider (Spider:2)
  An acid dragon (shapeshifter) (Vaults:3)
  9 wargs
  2 soldier ants
  A swamp worm (shapeshifter) (Vaults:5)
  10 water moccasins
  3 acid dragons
  7 porcupines
  Duvessa (D:4)
  A floating eye (Depths:4)
  A hell hound (Abyss:1)
  18 swamp drakes
  8 ice beasts
  48 orc warriors
  An eye of draining (shapeshifter) (Depths:4)
  4 sky beasts
  A necrophage (Crypt:1)
  33 ogres
  3 phantoms
  3 black bears
  7 wolves
  4 slaves (D:7)
  An ettin simulacrum (Vaults:1)
  13 eyes of draining
  11 boggarts
  29 centaurs
  15 crocodiles
  6 big kobolds
  2 elf simulacra
  A rime drake skeleton (Crypt:1)
  17 bullfrogs
  A bullfrog (shapeshifter) (Vaults:3)
  A human skeleton (Vaults:2)
  A wyvern zombie (D:11)
  Dowan (D:4)
  4 earth elementals
  4 scorpions
  An orc simulacrum (Vaults:1)
  4 wights (D:13)
  16 killer bees
  10 electric eels
  2 howler monkeys
  2 bullfrog zombies
  3 quasits
  13 crimson imps
  8 hounds
  2 jellies
  Crazy Yiuf (D:2)
  33 orc priests
  4 iron imps
  23 orc wizards
  A bullfrog skeleton (D:6)
  7 centaur skeletons
  5 iguanas
  2 hell rats (Lair:3)
  21 worker ants
  A killer bee zombie (D:7)
  A crocodile zombie (Crypt:1)
  2 hound skeletons (D:11)
  Robin (D:2)
  15 adders
  14 gnolls
  20 river rats
  A shadow imp (D:12)
  9 white imps
  5 ufetubi
  2 adder zombies
  3 oozes
  2 adder skeletons
  3 worms
  5 dart slugs
  7 leopard geckos
  99 orcs
  10 ball pythons
  14 bats
  6 giant cockroaches
  18 goblins
  12 hobgoblins
  5 jackals
  4 quokkas
  7 frilled lizards
  A jackal skeleton (D:5)
  23 kobolds
  A leopard gecko zombie (D:5)
  24 rats
  2 briar patches (Swamp:1)
  A crawling corpse (Elf:3)
  3 fire vortices (Volcano)
  2 fungi (D:2)
  2 plants
  A starspawn tentacle (Abyss:5)
2584 creatures vanquished.

Vanquished Creatures (collateral kills)
  A juggernaut (Depths:2)
  A profane servitor (Abyss:3)
  Jorgrun (D:15)
  A tentacled monstrosity (Vaults:3)
  A titan (Depths:2)
  A tentacled starspawn (Abyss:4)
  Louise (Swamp:4)
  A frost giant (Vaults:2)
  3 very ugly things (Vaults:3)
  A lorocyproca (Abyss:4)
  A blizzard demon (WizLab)
  5 hydras
  A dancing weapon (Elf:2)
  2 thrashing horrors (Abyss:4)
  2 sun demons
  A soul eater (WizLab)
  A sixfirhy (Abyss:5)
  3 swamp dragons
  A glowing orange brain (Vaults:3)
  An ironbrand convoker (Vaults:2)
  A phantasmal warrior (Abyss:5)
  An orc knight (Orc:2)
  A manticore (shapeshifter) (Elf:3)
  3 deep elf magi
  A vault sentinel (Vaults:2)
  A smoke demon (WizLab)
  A komodo dragon (Lair:5)
  2 red devils (WizLab)
  2 hornets
  A spectral jumping spider (Spider:2)
  A hippogriff (Lair:5)
  2 slime creatures (Swamp:1)
  A spectral tarantella (Spider:2)
  A spriggan (Swamp:4)
  An air elemental (Elf:3)
  A small abomination (Abyss:5)
  3 yaks (Lair:3)
  2 ynoxinuls
  A chaos spawn (WizLab)
  A large abomination (Abyss:4)
  A neqoxec (Abyss:5)
  4 insubstantial wisps (Swamp:1)
  A warg (Vaults:2)
  A soldier ant (D:8)
  A water moccasin (Lair:5)
  A swamp drake (Swamp:1)
  3 orc warriors
  2 tarantella simulacra (Spider:2)
  A black bear (shapeshifter) (Vaults:3)
  A wolf (Lair:5)
  2 orb spider simulacra (Spider:2)
  3 scorpions (Lair:3)
  A killer bee (Abyss:4)
  A torpor snail simulacrum (Spider:2)
  7 starcursed masses
  A quasit (Abyss:3)
  A hound (shapeshifter) (Vaults:3)
  5 orc priests (Orc:2)
  3 worms (Lair:3)
  A worm (shapeshifter) (Vaults:3)
  A leopard gecko (shapeshifter) (Vaults:3)
  3 orcs
  A starspawn tentacle (Abyss:4)
104 creatures vanquished.

Vanquished Creatures (others)
  2 deep elf master archers (Elf:3)
  5 stone giants
  4 yaktaur captains
  4 centaur warriors
  A deep elf knight (Elf:1)
  A lindwurm (Swamp:4)
  7 deep elf archers
  A deep elf mage (Vaults:4)
  2 cyclopes
  An ancient zyme (Abyss:5)
  17 yaktaurs
  A large abomination (Abyss:1)
  6 centaurs
  A crimson imp (Depths:1)
  A starcursed mass (Abyss:5)
  A white imp (Abyss:2)
  4 orcs
  3 crawling corpses (Vaults:5)
  A fire vortex (Volcano)
  2 fungi
  A lurking horror (Abyss:4)
  5 plants
  39 starspawn tentacles
110 creatures vanquished.

Grand Total: 2798 creatures vanquished

Notes
Turn   | Place    | Note
-------+----------+-------------------------------------------
     0 | D:1      | Goreval the Troll Berserker began the quest for the Orb.
     0 | D:1      | Reached XP level 1. HP: 22/22 MP: 0/0
    86 | D:1      | Reached XP level 2. HP: 29/29 MP: 1/1
   474 | D:1      | Reached ** piety under Trog
   577 | D:1      | Reached XP level 3. HP: 36/36 MP: 2/2
   834 | D:2      | Found a shimmering altar of Xom.
   834 | D:2      | Found a glowing silver altar of Zin.
   834 | D:2      | Noticed an angel
   849 | D:2      | Noticed Robin
   857 | D:1      | Reached skill level 4 in Unarmed Combat
   944 | D:2      | Reached XP level 4. HP: 44/44 MP: 3/3
   987 | D:2      | Killed Robin
  1775 | D:2      | Reached *** piety under Trog
  1808 | D:2      | Reached XP level 5. HP: 53/53 MP: 4/4
  1866 | D:2      | Found a runed translucent door.
  1867 | D:2      | Noticed Crazy Yiuf
  1874 | D:2      | Killed Crazy Yiuf
  2331 | D:3      | Noticed Grinder
  2367 | D:3      | Killed Grinder
  2367 | D:3      | Reached skill level 5 in Unarmed Combat
  2367 | D:3      | Reached XP level 6. HP: 21/61 MP: 5/5
  2694 | D:3      | Found a faded altar of an unknown god.
  3264 | D:4      | Noticed Duvessa
  3264 | D:4      | Noticed Dowan
  3268 | D:4      | Killed Duvessa
  3268 | D:4      | Reached skill level 6 in Unarmed Combat
  3268 | D:4      | Reached XP level 7. HP: 68/68 MP: 6/6
  3274 | D:4      | Killed Dowan
  3274 | D:4      | Reached skill level 1 in Shields
  4064 | D:5      | Entered Level 5 of the Dungeon
  4166 | D:5      | Reached skill level 7 in Unarmed Combat
  4172 | D:5      | Reached **** piety under Trog
  4483 | D:5      | Reached XP level 8. HP: 79/79 MP: 7/7
  4916 | D:6      | Found a glowing drain.
  4957 | Sewer    | Entered a sewer
  5138 | Sewer    | Reached skill level 8 in Unarmed Combat
  5425 | Sewer    | Reached ***** piety under Trog
  5432 | Sewer    | Reached skill level 5 in Fighting
  5897 | D:6      | Found a staircase to the Ecumenical Temple.
  6103 | D:6      | Found a glowing golden altar of the Shining One.
  6383 | D:7      | Noticed Menkaure
  6391 | D:7      | Killed Menkaure
  6391 | D:7      | Reached XP level 9. HP: 88/88 MP: 8/8
  6636 | D:7      | Noticed Pikel
  6686 | D:7      | Killed Pikel
  6686 | D:7      | Reached skill level 9 in Unarmed Combat
  6971 | D:7      | Reached skill level 10 in Unarmed Combat
  7038 | D:7      | Found a stormy altar of Qazlal.
  7581 | D:8      | Reached skill level 5 in Shields
  7589 | D:8      | Reached XP level 10. HP: 100/100 MP: 9/9
  7934 | D:8      | Found a staircase to the Lair.
  7962 | D:8      | Received a gift from Trog
  7978 | D:8      | Noticed a two-headed ogre
  7988 | D:8      | Reached skill level 11 in Unarmed Combat
  7991 | D:8      | Killed a two-headed ogre
  8547 | D:8      | Paralysed by a hornet for 3 turns
  9643 | D:9      | Noticed Maurice
  9651 | D:9      | Killed Maurice
  9651 | D:9      | Reached skill level 12 in Unarmed Combat
  9772 | D:9      | Found a sacrificial altar of Ru.
 10026 | D:9      | Reached XP level 11. HP: 109/109 MP: 10/10
 10103 | D:9      | Received a gift from Trog
 10135 | D:9      | Noticed Harold
 10145 | D:9      | Noticed a two-headed ogre
 10147 | D:9      | Killed Harold
 10155 | D:9      | Killed a two-headed ogre
 10161 | D:9      | Noticed Grum
 10167 | D:9      | Killed Grum
 10411 | D:9      | Found a bloodstained altar of Trog.
 10492 | D:9      | Noticed Erolcha
 10512 | D:9      | Killed Erolcha
 10701 | D:9      | Found a blossoming altar of Fedhas.
 10701 | D:9      | Found a white marble altar of Elyvilon.
 10702 | D:9      | Found a basalt altar of Yredelemnul.
 10703 | D:9      | Found a bloodstained altar of Trog.
 10706 | D:9      | Found a sparkling altar of Nemelex Xobeh.
 10764 | D:10     | Entered Level 10 of the Dungeon
 10764 | D:10     | Noticed a two-headed ogre
 10768 | D:10     | Killed a two-headed ogre
 10768 | D:10     | Reached skill level 5 in Dodging
 11042 | D:10     | Got a transparent falchion
 11267 | D:10     | Noticed Josephine
 11284 | D:10     | Killed Josephine
 11284 | D:10     | Reached skill level 13 in Unarmed Combat
 11486 | D:10     | Paralysed by a hornet for 2 turns
 11819 | D:11     | Noticed a white ugly thing
 11830 | D:11     | Killed a white ugly thing
 11955 | D:11     | Reached skill level 1 in Throwing
 11981 | D:11     | Found Afaimoab's Antique Weapon Shop.
 12067 | D:11     | Reached XP level 12. HP: 80/119 MP: 11/11
 12282 | D:11     | Found a staircase to the Orcish Mines.
 12326 | D:11     | Found a roughly hewn altar of Beogh.
 12752 | Lair:1   | Entered Level 1 of the Lair of Beasts
 13062 | Lair:1   | Received a gift from Trog
 13758 | Lair:2   | Got an encrusted battleaxe
 13861 | Lair:2   | Noticed a five-headed hydra
 13865 | Lair:2   | Killed a five-headed hydra
 13902 | Lair:2   | Noticed Gastronok
 13919 | Lair:2   | Killed Gastronok
 13919 | Lair:2   | Reached skill level 14 in Unarmed Combat
 14265 | Lair:2   | Found a staircase to the Swamp.
 14438 | Lair:2   | Noticed a catoblepas
 14449 | Lair:2   | Killed a catoblepas
 14449 | Lair:2   | Reached skill level 5 in Throwing
 14669 | Lair:3   | Found a gate leading to a gauntlet.
 14679 | Gauntlet | Entered a Gauntlet
 14679 | Gauntlet | Found a transporter.
 14679 | Gauntlet | Found a transporter.
 14679 | Gauntlet | Noticed a catoblepas
 14680 | Gauntlet | Found a transporter.
 14741 | Gauntlet | Found a transporter.
 14741 | Gauntlet | Found a transporter.
 14744 | Gauntlet | Found a transporter.
 14798 | Gauntlet | Found a transporter.
 14801 | Gauntlet | Found a transporter.
 14852 | Gauntlet | Killed a catoblepas
 15012 | Gauntlet | Got a translucent turquoise ring
 15014 | Gauntlet | Identified the ring of Utet {*Tele rN+ Str+2 Int+4 Dex+3}
                  | (You found it in a Gauntlet)
 15021 | Gauntlet | Found a transporter.
 15030 | Gauntlet | Noticed a death scarab
 15030 | Gauntlet | Noticed a death scarab
 15030 | Gauntlet | Noticed a death scarab
 15030 | Gauntlet | Noticed a death scarab
 15032 | Gauntlet | Noticed a death scarab
 15039 | Gauntlet | Got a crude silver amulet
 15044 | Gauntlet | Noticed a cacodemon
 15077 | Gauntlet | Found a transporter.
 15084 | Gauntlet | Identified the amulet "Efui" {RegenMP Slay+3} (You found it
                  | in a Gauntlet)
 15091 | Gauntlet | Identified the +2 hand axe of Hepliaklqana's Delight {holy,
                  | Int+4}
 15091 | Gauntlet | Noticed a minotaur
 15098 | Gauntlet | Killed a minotaur
 15098 | Gauntlet | Reached XP level 13. HP: 114/127 MP: 12/12
 15410 | Lair:3   | Received a gift from Trog
 15718 | Lair:3   | Found a shattered altar of Ashenzari.
 15727 | Lair:3   | Found a hole to the Spider Nest.
 16196 | Lair:3   | Reached skill level 15 in Unarmed Combat
 17202 | Lair:5   | Received a gift from Trog
 17203 | Lair:5   | Found the +8 lance "Wyrmbane" {slay drac, rPois rF+ rC+
                  | AC+3}
 17944 | Lair:6   | Entered Level 6 of the Lair of Beasts
 18305 | Lair:6   | Reached XP level 14. HP: 119/140 MP: 13/13
 18351 | Lair:6   | Found a dark tunnel.
 18364 | Volcano  | Entered a volcano
 18560 | Volcano  | Reached skill level 16 in Unarmed Combat
 19888 | Lair:6   | Found a viscous altar of Jiyva.
 19908 | Lair:6   | Found a staircase to the Slime Pits.
 20006 | Lair:6   | Reached ****** piety under Trog
 20287 | D:12     | Received a gift from Trog
 20563 | D:12     | Received a gift from Trog
 20885 | D:12     | Found a runed translucent door.
 21030 | D:12     | Noticed Anyutwal's ghost (journeyman HOFi)
 21048 | D:12     | Killed Anyutwal's ghost
 21288 | Orc:1    | Entered Level 1 of the Orcish Mines
 21304 | Orc:1    | Noticed an orc warlord
 21322 | D:11     | Received a gift from Trog
 21499 | Orc:1    | Killed an orc warlord
 21643 | Orc:2    | Entered Level 2 of the Orcish Mines
 21761 | Orc:2    | Found a staircase to the Elven Halls.
 21970 | Orc:2    | Found Kiaze's Food Shoppe.
 21996 | Orc:2    | Found Popih's Assorted Antiques.
 21997 | Orc:2    | Found Cuab Bou's Antique Armour Shoppe.
 22011 | Orc:2    | Bought a scroll of enchant armour for 232 gold pieces
 22011 | Orc:2    | Bought a scroll labeled DUM INELUETEPN for 31 gold pieces
 22011 | Orc:2    | Bought 2 scrolls of enchant armour for 465 gold pieces
 22164 | Orc:2    | Reached skill level 10 in Shields
 22199 | Orc:2    | Received a gift from Trog
 22387 | Orc:2    | Reached skill level 10 in Fighting
 22441 | Orc:2    | Received a gift from Trog
 22445 | Orc:2    | Reached skill level 17 in Unarmed Combat
 22445 | Orc:2    | Reached XP level 15. HP: 51/149 MP: 14/14
 22953 | Orc:2    | Found Quvib's Book Boutique.
 23361 | Orc:2    | Found Tileitia's Antique Armour Boutique.
 23364 | Orc:2    | Found Igihais's General Store.
 23365 | Orc:2    | Found Sucvait's Antique Armour Boutique.
 23366 | Orc:2    | Found Puryxte's General Store.
 23532 | D:13     | Noticed Urug
 23709 | D:13     | Killed Urug
 24023 | D:13     | Found a gate to the Vaults.
 24076 | D:13     | Received a gift from Trog
 26165 | D:15     | Entered Level 15 of the Dungeon
 26451 | D:15     | Noticed Jorgrun
 26454 | D:15     | Reached skill level 10 in Dodging
 26476 | D:15     | Killed Jorgrun
 26623 | D:15     | Reached skill level 18 in Unarmed Combat
 26775 | D:15     | Found Zuzysk's Distillery.
 26916 | D:15     | Cast into level 2 of the Abyss (a wizard)
 26922 | Abyss:2  | Found a corrupted altar of Lugonu.
 27008 | D:15     | Escaped the Abyss
 27136 | D:15     | Found a staircase to the Depths.
 27441 | Swamp:1  | Entered Level 1 of the Swamp
 27508 | Swamp:1  | Reached XP level 16. HP: 147/158 MP: 15/15
 27890 | Swamp:1  | Noticed a thorn hunter
 27906 | Swamp:1  | Killed a thorn hunter
 27920 | Swamp:1  | Received a gift from Trog
 28498 | Swamp:1  | Identified 3 scrolls of acquirement
 28505 | Swamp:1  | Got a scorched hat
 28518 | Swamp:1  | Identified the +0 hat of a treasure trove {rC+ Dex+4 Slay+2
                  | Stlth+} (You acquired it on level 1 of the Swamp)
 28548 | Swamp:1  | Got a vibrating copper amulet
 28552 | Swamp:1  | Identified the amulet "Loikhliom" {Reflect rElec Str-4
                  | Dex+2 SH+4} (You acquired it on level 1 of the Swamp)
 28946 | Swamp:2  | Reached skill level 1 in Armour
 29098 | Swamp:2  | Noticed a thorn hunter
 29104 | Swamp:2  | Killed a thorn hunter
 29257 | Swamp:2  | Noticed a thorn hunter
 29283 | Swamp:2  | Killed a thorn hunter
 29283 | Swamp:2  | Reached skill level 19 in Unarmed Combat
 29466 | Swamp:2  | Received a gift from Trog
 29565 | Swamp:2  | Reached skill level 5 in Armour
 30234 | Swamp:3  | Received a gift from Trog
 30931 | Swamp:4  | Entered Level 4 of the Swamp
 31128 | Swamp:4  | Reached XP level 17. HP: 149/166 MP: 16/16
 31316 | Swamp:4  | Noticed Louise
 31340 | Swamp:4  | Killed Louise
 32020 | Swamp:3  | Received a gift from Trog
 32362 | Swamp:4  | Got a decaying rune of Zot
 33268 | Spider:1 | Entered Level 1 of the Spider Nest
 33801 | Spider:1 | Received a gift from Trog
 34609 | Spider:2 | Found a runed translucent gate.
 34614 | Spider:2 | Found a runed translucent gate.
 34615 | Spider:2 | Found a runed translucent gate.
 34792 | Spider:2 | Noticed kuniqs's ghost (adept DEWz)
 35595 | Spider:2 | Killed kuniqs's ghost
 35740 | Spider:3 | Got a dull robe
 35925 | Spider:3 | Noticed Aizul
 35941 | Spider:3 | Killed Aizul
 36144 | Spider:3 | Noticed Arachne
 36163 | Spider:3 | Killed Arachne
 36754 | Spider:4 | Entered Level 4 of the Spider Nest
 36822 | Spider:4 | Reached skill level 10 in Armour
 36895 | Spider:4 | Received a gift from Trog
 36895 | Spider:4 | Reached XP level 18. HP: 166/179 MP: 17/17
 38107 | Spider:4 | Identified the +1 robe of Existentialism {rC+ Dex+4} (You
                  | found it on level 3 of the Spider Nest)
 38436 | Spider:4 | Got a gossamer rune of Zot
 38897 | Vaults:1 | Entered Level 1 of the Vaults
 39029 | Vaults:1 | Received a gift from Trog
 39572 | Vaults:1 | Found Ossixt's Jewellery Shoppe.
 39680 | Vaults:1 | Received a gift from Trog
 39883 | Vaults:1 | Cast into level 2 of the Abyss (a deep elf sorcerer)
 39887 | Abyss:2  | Found a corrupted altar of Lugonu.
 39928 | Vaults:1 | Escaped the Abyss
 39931 | Vaults:1 | Received a gift from Trog
 39934 | Vaults:1 | Got an encrusted demon whip {god gift}
 40311 | Vaults:1 | Reached XP level 19. HP: 149/189 MP: 18/18
 41277 | Vaults:2 | Got a vibrating silver ring
 41298 | Vaults:2 | Identified the ring "Obext" {Wiz rC+ Dex+2} (You found it
                  | on level 2 of the Vaults)
 41358 | Vaults:2 | Received a gift from Trog
 41428 | Vaults:2 | You fall into a shaft and drop 2 floors!
 41651 | Vaults:4 | Found Qokyucur's Assorted Antiques.
 42676 | Vaults:4 | Received a gift from Trog
 43416 | Vaults:3 | Received a gift from Trog
 43441 | Vaults:3 | Reached XP level 20. HP: 140/201 MP: 19/19
 44062 | Vaults:3 | Paralysed by a vampire knight for 4 turns
 44135 | Vaults:3 | Found a staircase to the Crypt.
 44420 | Vaults:3 | Received a gift from Trog
 44657 | Vaults:3 | Received a gift from Trog
 44835 | Vaults:3 | Found a runed translucent gate.
 44836 | Vaults:3 | Found a runed translucent gate.
 44836 | Vaults:3 | Found a runed translucent gate.
 45087 | Vaults:3 | Found a runed translucent gate.
 45087 | Vaults:3 | Found a runed translucent gate.
 45087 | Vaults:3 | Noticed corvin's ghost (veteran TrBe)
 45090 | Vaults:3 | Found a runed translucent gate.
 46093 | Elf:1    | Entered Level 1 of the Elven Halls
 46124 | Elf:1    | Received a gift from Trog
 46142 | Elf:1    | Found Veanoruwo's Distillery.
 46147 | Elf:1    | Bought a potion of heal wounds for 85 gold pieces
 46147 | Elf:1    | Bought a potion of might for 68 gold pieces
 46147 | Elf:1    | Bought a potion of haste for 170 gold pieces
 46147 | Elf:1    | Bought a potion of haste for 170 gold pieces
 46345 | Elf:1    | Found Lics's Book Boutique.
 46550 | Elf:1    | Reached skill level 15 in Shields
 46624 | Elf:1    | Gained mutation: You are frail. (-10% HP) [potion of
                  | mutation]
 46624 | Elf:1    | Gained mutation: You are partially covered in icy blue
                  | scales. (AC +2) [potion of mutation]
 46624 | Elf:1    | Gained mutation: You are agile. (Dex +2) [potion of
                  | mutation]
 46625 | Elf:1    | Lost mutation: You are frail. (-10% HP) [potion of
                  | mutation]
 46625 | Elf:1    | Lost mutation: You are agile. (Dex +2) [potion of mutation]
 46625 | Elf:1    | Gained mutation: You evolve. [potion of mutation]
 46625 | Elf:1    | Gained mutation: You have sharp toenails. [potion of
                  | mutation]
 46625 | Elf:1    | Gained mutation: Your muscles are strong. (Str +2) [potion
                  | of mutation]
 46696 | Elf:1    | Found Udiolevi's Distillery.
 46710 | Elf:1    | Reached skill level 15 in Armour
 46726 | Elf:1    | Bought 2 potions of heal wounds for 160 gold pieces
 46726 | Elf:1    | Bought a potion of heal wounds for 80 gold pieces
 46800 | Elf:1    | Found Puuz's Food Boutique.
 47277 | Elf:2    | Received a gift from Trog
 47372 | Elf:2    | Found Zozxugga's Distillery.
 47406 | Elf:2    | Reached XP level 21. HP: 213/213 MP: 20/20
 47853 | Elf:2    | Found a runed translucent gate.
 47853 | Elf:2    | Found a runed translucent gate.
 47853 | Elf:2    | Found a runed translucent gate.
 47964 | Elf:2    | Received a gift from Trog
 48380 | Elf:3    | Entered Level 3 of the Elven Halls
 48425 | Elf:3    | Found a runed translucent gate.
 48425 | Elf:3    | Found a runed translucent gate.
 48426 | Elf:3    | Found a runed translucent gate.
 48463 | Elf:3    | Noticed agentgt's ghost (adept HuVM)
 48732 | Elf:3    | Received a gift from Trog
 49058 | Elf:3    | Cast into level 2 of the Abyss (a deep elf demonologist)
 49101 | Abyss:2  | Gained mutation: Your spells are a little easier to cast,
                  | but a little less powerful. [a neqoxec]
 49103 | Abyss:2  | Gained mutation: Your magical capacity is low. (-10% MP) [a
                  | neqoxec]
 49126 | Abyss:2  | Found a bloodstained altar of Trog.
 49216 | Abyss:3  | Noticed a profane servitor
 49229 | Abyss:3  | Killed a profane servitor
 49479 | Abyss:3  | Received a gift from Trog
 49604 | Abyss:4  | Lost mutation: Your magical capacity is low. (-10% MP) [a
                  | neqoxec]
 49606 | Abyss:4  | Gained mutation: You rapidly evolve. [a neqoxec]
 49608 | Abyss:4  | Gained mutation: Armour fits poorly on your strangely
                  | shaped body. [a neqoxec]
 49610 | Abyss:4  | Gained mutation: You are frail. (-10% HP) [a neqoxec]
 49615 | Abyss:4  | Gained mutation: You tend to lose your temper in combat. [a
                  | neqoxec]
 49618 | Abyss:4  | Lost mutation: Your muscles are strong. (Str +2) [a
                  | neqoxec]
 49636 | Abyss:4  | Lost intelligence.
 49674 | Abyss:4  | Received a gift from Trog
 49692 | Abyss:4  | Lost mutation: You have sharp toenails. [potion of
                  | mutation]
 49692 | Abyss:4  | Lost mutation: You are frail. (-10% HP) [potion of
                  | mutation]
 49692 | Abyss:4  | Gained mutation: You are partially covered in iridescent
                  | scales. (AC +2) [potion of mutation]
 49692 | Abyss:4  | Lost mutation: Armour fits poorly on your strangely shaped
                  | body. [potion of mutation]
 49692 | Abyss:4  | Lost mutation: You tend to lose your temper in combat.
                  | [potion of mutation]
 49692 | Abyss:4  | Gained mutation: You are agile. (Dex +2) [potion of
                  | mutation]
 49709 | Abyss:4  | Lost intelligence.
 49717 | Elf:3    | Escaped the Abyss
 49771 | Elf:3    | Lost intelligence.
 50152 | Elf:3    | Received a gift from Trog
 50152 | Elf:3    | Identified the +6 chain mail of Incorporation {-Tele MP+9
                  | Dex+4 Slay+2}
 50160 | Elf:3    | Identified the +1 executioner's axe of Viritug {chop, rPois
                  | MR+++ Dex-2 Stlth-}
 50160 | Elf:3    | Identified the ring "Duguaw" {Fire rN+}
 50409 | Elf:3    | Reached skill level 15 in Fighting
 50413 | Elf:3    | Found the +3 Elemental Staff {rElec rF++ rC++ MR++ AC+5}
 50461 | Elf:3    | Got a faintly glowing diamond amulet
 50463 | Elf:3    | Identified the amulet of Pineq {Inacc +Blink} (You found it
                  | on level 3 of the Elven Halls)
 50850 | Elf:3    | Received a gift from Trog
 50858 | Elf:3    | Killed agentgt's ghost
 51021 | Elf:3    | Lost mutation: Your spells are a little easier to cast, but
                  | a little less powerful. [evolution]
 51276 | Depths:1 | Entered Level 1 of the Depths
 51318 | Depths:1 | Reached skill level 20 in Unarmed Combat
 51329 | Depths:1 | Reached XP level 22. HP: 221/227 MP: 21/21
 51434 | Depths:1 | Received a gift from Trog
 51712 | Depths:1 | Found a gateway to Hell.
 52140 | Depths:1 | Found a one-way gate to the infinite horrors of the Abyss.
 52618 | Depths:1 | Found a one-way gate leading to the halls of Pandemonium.
 52903 | Depths:2 | Found Uhociteh's Distillery.
 52906 | Depths:2 | Bought a potion of heal wounds for 65 gold pieces
 52906 | Depths:2 | Bought a potion of brilliance for 52 gold pieces
 52906 | Depths:2 | Bought a potion of heal wounds for 65 gold pieces
 52938 | Depths:2 | You fall into a shaft and drop 1 floor!
 53001 | Depths:3 | Received a gift from Trog
 53103 | Depths:3 | Noticed a golden dragon
 53107 | Depths:3 | Received a gift from Trog
 53121 | Depths:3 | Killed a golden dragon
 53121 | Depths:3 | Reached skill level 21 in Unarmed Combat
 53347 | Depths:3 | Identified the Volume of Changing and Snow
 53376 | Depths:3 | Found the +2 cloak of the Thief {+Fog Slay-2 SInv Stlth+}
 53926 | Depths:2 | Received a gift from Trog
 54013 | Depths:2 | Got a jewelled scythe
 54074 | Depths:2 | Gained mutation: You expend magic power (3 MP) to
                  | strengthen your wands. [evolution]
 54252 | Depths:2 | Reached XP level 23. HP: 204/241 MP: 22/22
 54410 | Depths:2 | Found the +9 heavy crossbow "Sniper" {velocity, Acc+∞ SInv}
 54411 | Depths:2 | Noticed a juggernaut
 54425 | Depths:2 | Killed a juggernaut
 55534 | Depths:4 | Found a magical portal.
 55581 | WizLab   | HP: 8/243 [torturous blood saint/iceblast (17)]
 55581 | WizLab   | HP: 3/243 [torturous blood saint/iceblast (5)]
 55915 | WizLab   | Found a burning altar of Makhleb.
 55949 | WizLab   | HP: 8/244 [hellion/damnation (25)]
 56326 | WizLab   | Identified the ring "Numeynab" {rElec rPois rN+ Int-3
                  | Stlth+}
 56387 | WizLab   | Identified Ruppef's Incunabulum of Creation
 56620 | Depths:4 | Found Uqaus's Antique Weapon Boutique.
 56764 | Depths:4 | Received a gift from Trog
 56935 | Depths:4 | Paralysed by a floating eye for 3 turns
 57388 | Depths:4 | Reached skill level 22 in Unarmed Combat
 57669 | Depths:5 | Entered Level 5 of the Depths
 57670 | Depths:5 | Found a gateway to a ziggurat.
 57699 | Depths:5 | Noticed a juggernaut
 57875 | Depths:5 | Killed a juggernaut
 57875 | Depths:5 | Received a gift from Trog
 58356 | Depths:5 | Reached XP level 24. HP: 245/256 MP: 22/22
 58596 | Depths:5 | Found a gateway to a bazaar.
 58673 | Bazaar   | Entered a bazaar
 58684 | Bazaar   | Found Yshreheph's Jewellery Boutique.
 58694 | Bazaar   | Found Pesoo's Armour Shoppe.
 58698 | Bazaar   | Found Beseufemm's Antique Weapon Boutique.
 58711 | Bazaar   | Found Qofac's Gadget Emporium.
 58995 | Depths:5 | Received a gift from Trog
 59041 | Depths:5 | Found a gate to the Realm of Zot.
 59267 | Depths:4 | Voluntarily entered the Abyss.
 59442 | Abyss:1  | Paralysed by you for 3 turns
 59692 | Abyss:1  | Reached XP level 25. HP: 242/265 MP: 22/22
 59693 | Abyss:1  | Reached XP level 26. HP: 250/274 MP: 22/22
 59863 | Abyss:1  | Gained mutation: Armour fits poorly on your strangely
                  | shaped body. [a neqoxec]
 59875 | Abyss:1  | Found a corrupted altar of Lugonu.
 60048 | Abyss:2  | Paralysed by accursed screaming for 1 turns
 60282 | Abyss:2  | Received a gift from Trog
 60459 | Abyss:4  | Found a corrupted altar of Lugonu.
 60689 | Abyss:4  | Reached skill level 23 in Unarmed Combat
 60853 | Abyss:5  | Entered Level 5 of the Abyss
 60974 | Abyss:5  | Received a gift from Trog
 61101 | Abyss:5  | Paralysed by accursed screaming for 1 turns
 61115 | Abyss:5  | Received a gift from Trog
 61268 | Abyss:5  | Found a radiant altar of Vehumet.
 61316 | Abyss:5  | Received a gift from Trog
 61428 | Abyss:5  | Gained mutation: You are frail. (-10% HP) [a neqoxec]
 61486 | Abyss:5  | Gained mutation: Scrolls take you a little longer to read.
                  | [a neqoxec]
 61495 | Abyss:5  | Received a gift from Trog
 61505 | Abyss:5  | Lost intelligence.
 61532 | Abyss:5  | Paralysed by accursed screaming for 1 turns
 61553 | Abyss:5  | Got an abyssal rune of Zot
 61555 | Abyss:5  | Lost intelligence.
 61620 | Abyss:5  | Reached XP level 27. HP: 53/198 MP: 6/17
 61636 | Depths:4 | Escaped the Abyss
 62090 | Vaults:3 | Killed corvin's ghost
 62107 | Vaults:3 | Got a shadowed robe
 62114 | Vaults:3 | Lost mutation: You are agile. (Dex +2) [mutagenic glow]
 62321 | Crypt:1  | Entered Level 1 of the Crypt
 62607 | Vaults:4 | Lost mutation: Scrolls take you a little longer to read.
                  | [potion of mutation]
 62607 | Vaults:4 | Lost mutation: You are frail. (-10% HP) [potion of
                  | mutation]
 62607 | Vaults:4 | Lost mutation: Armour fits poorly on your strangely shaped
                  | body. [potion of mutation]
 62607 | Vaults:4 | Lost mutation: You are partially covered in icy blue
                  | scales. (AC +2) [potion of mutation]
 62607 | Vaults:4 | Gained mutation: Armour fits poorly on your strangely
                  | shaped body. [potion of mutation]
 62607 | Vaults:4 | Gained mutation: Your flesh is heat resistant. (rF+)
                  | [potion of mutation]
 62608 | Vaults:4 | Lost mutation: Armour fits poorly on your strangely shaped
                  | body. [potion of mutation]
 62608 | Vaults:4 | Lost mutation: You expend magic power (3 MP) to strengthen
                  | your wands. [potion of mutation]
 62608 | Vaults:4 | Lost mutation: Your flesh is heat resistant. (rF+) [potion
                  | of mutation]
 62608 | Vaults:4 | Gained mutation: Your spells are a little easier to cast,
                  | but a little less powerful. [potion of mutation]
 62608 | Vaults:4 | Gained mutation: Armour fits poorly on your strangely
                  | shaped body. [potion of mutation]
 62608 | Vaults:4 | Lost mutation: You rapidly evolve. [potion of mutation]
 62608 | Vaults:4 | Gained mutation: You are agile. (Dex +2) [potion of
                  | mutation]
 62609 | Vaults:4 | Lost mutation: You evolve. [potion of mutation]
 62609 | Vaults:4 | Lost mutation: Armour fits poorly on your strangely shaped
                  | body. [potion of mutation]
 62609 | Vaults:4 | Lost mutation: Your spells are a little easier to cast, but
                  | a little less powerful. [potion of mutation]
 62609 | Vaults:4 | Gained mutation: You evolve. [potion of mutation]
 62609 | Vaults:4 | Gained mutation: You are occasionally teleported next to
                  | monsters. [potion of mutation]
 62609 | Vaults:4 | Gained mutation: Your mind is acute. (Int +2) [potion of
                  | mutation]
 62609 | Vaults:4 | Gained mutation: You have a pair of small horns on your
                  | head. [potion of mutation]
 62613 | Vaults:5 | Entered Level 5 of the Vaults
 62617 | Vaults:5 | Noticed an ancient lich
 62634 | Vaults:5 | Killed an ancient lich
 62855 | Vaults:5 | Identified the +9 trident of Linearity {pierce, Dex+7}
 62917 | Vaults:5 | Received a gift from Trog
 62935 | Vaults:5 | Reached skill level 24 in Unarmed Combat
 63357 | Vaults:5 | Got a heavily runed amethyst amulet
 63368 | Vaults:5 | Identified the amulet of Zuraen {-Tele Regen+ Dex+2 SInv}
                  | (You found it on level 5 of the Vaults)
 63464 | Vaults:5 | Got a scorched hand axe
 63479 | Vaults:5 | Got a brightly glowing broad axe
 63657 | Vaults:5 | Received a gift from Trog
 63933 | Vaults:5 | Identified the +1 robe of the Rabble {rF+ rN+}
 63955 | Vaults:5 | Lost mutation: You are agile. (Dex +2) [potion of mutation]
 63955 | Vaults:5 | Lost mutation: Your mind is acute. (Int +2) [potion of
                  | mutation]
 63955 | Vaults:5 | Lost mutation: You evolve. [potion of mutation]
 63955 | Vaults:5 | Lost mutation: You have a pair of small horns on your head.
                  | [potion of mutation]
 63955 | Vaults:5 | Gained mutation: You occasionally shout uncontrollably at
                  | your foes. [potion of mutation]
 63955 | Vaults:5 | Lost mutation: You occasionally shout uncontrollably at
                  | your foes. [potion of mutation]
 63955 | Vaults:5 | Gained mutation: Your system is resistant to poisons.
                  | (rPois) [potion of mutation]
 64064 | Vaults:5 | Identified the Almanac of the Traveller
 64074 | Vaults:5 | Got a silver rune of Zot
 64933 | Slime:1  | Entered Level 1 of the Pits of Slime
 64942 | Slime:1  | Received a gift from Trog
 64974 | Slime:1  | Gained mutation: Your body sometimes deteriorates upon
                  | taking damage. [a shining eye]
 65524 | Slime:2  | Gained mutation: You are mostly covered in iridescent
                  | scales. (AC +4) [a shining eye]
 65534 | Slime:2  | Gained mutation: Your body often deteriorates upon taking
                  | damage. [a shining eye]
 65539 | Slime:2  | Gained mutation: Scrolls take you a little longer to read.
                  | [a shining eye]
 65563 | Slime:2  | Gained mutation: You are frail. (-10% HP) [a shining eye]
 65927 | Slime:3  | Gained mutation: Potions are less effective at restoring
                  | your health. [a shining eye]
 65942 | Slime:3  | Lost mutation: You are frail. (-10% HP) [potion of
                  | mutation]
 65942 | Slime:3  | Lost mutation: Your system is resistant to poisons. (rPois)
                  | [potion of mutation]
 65942 | Slime:3  | Lost mutation: Potions are less effective at restoring your
                  | health. [potion of mutation]
 65942 | Slime:3  | Gained mutation: You are partially covered in large bone
                  | plates. (SH +4) [potion of mutation]
 65946 | Slime:3  | Gained mutation: You tend to lose your temper in combat. [a
                  | shining eye]
 66080 | Slime:3  | Paralysed by a floating eye for 4 turns
 66089 | Slime:3  | Paralysed by a floating eye for 4 turns
 66097 | Slime:3  | Paralysed by a floating eye for 4 turns
 66099 | Slime:3  | HP: 11/291 [acid (6)]
 66100 | Slime:3  | Demolished by an acid blob

Levels and vault maps discovered:
D:1:      lemuel_arrival_funnel, layout_loops_ring, hex_medium,
          grunt_decor_resistance
D:2:      minmay_chambers_of_twos, layout_loops_ring,
          grunt_temple_overflow_order_and_chaos_1, uniq_crazy_yiuf_cottage,
          uniq_robin
D:3:      layout_basic, first_ration, chequers_ecumenical_altar_twisty,
          uniq_grinder
D:4:      layout_basic, uniq_duvessa
D:5:      layout_cave_pools, chequers_serial_rivers_small_3,
          kennysheep_generic_room_14
D:6:      layout_loops_ring, tso_altar, minmay_temple_entry_poolview,
          portal_sewer_entry_a
D:7:      minmay_razor_zed, layout_basic, nicolae_qazlal_general_emergency,
          uniq_pikel, uniq_menkaure
D:8:      layout_basic, minmay_lair_entry_grove, hangedman_pestilent_swarm
D:9:      layout_roguey, minitemple, nicolae_ru_great_annihilating_truth,
          trog_ov_bears_minmay, uniq_harold, uniq_maurice, uniq_erolcha,
          uniq_grum
D:10:     layout_long_grid, uniq_josephine
D:11:     layout_roguey, minmay_orc_entry_temple_small, serial_shops,
          nicolae_shop_waterfront
D:12:     layout_loops_cross, ebering_ghost_inner_flame
D:13:     minmay_bubble_buster, layout_long_grid,
          hangedman_vaults_entry_quadrant_bands, kennysheep_generic_room_11,
          uniq_urug
D:14:     wad_lake_hut, layout_basic, infiniplex_staircase_door_maze,
          serial_park_tiny_2
D:15:     grunt_enter_depths_magical_seal, layout_cross, serial_shops,
          shop_fountains, minivault_11, minmay_beelzebubs_servants, uniq_jorgrun
Lair:1:   layout_regular_city
Lair:2:   wander_river, layout_regular_city,
          nicolae_swamp_entry_splash_gauntlet, hibernation_bobbens,
          uniq_gastronok
Lair:3:   layout_gridlike, nicolae_spider_entry_non_spiders, basic_altar,
          gauntlet_entry_generic, nicolae_lair_grove_arrangements,
          kennysheep_rathole, grunt_megastairs_1
Lair:4:   layout_hall_layers
Lair:5:   layout_small_grid, small_statue_intersection,
          nicolae_quartered_pool_medium
Lair:6:   gammafunk_lair_ancient_temple, layout_big_grid, slime_altar_1,
          enter_volcano_1
Swamp:1:  layout_basic_swamp, evilmike_swamp_ruin_rubble_1,
          infiniplex_staircase_pool
Swamp:2:  layout_basic_swamp, nicolae_swamp_stair_fork, swamp_pool4,
          st_swamp_ruins_3
Swamp:3:  layout_basic_swamp, evilmike_swamp_ruin_house_3
Swamp:4:  swamp_alternative, layout_basic_swamp, nicolae_swamp_dragon_and_kin,
          uniq_louise
Spider:1: layout_spider_delve
Spider:2: layout_spider_delve, gammafunk_ghost_necromancy
Spider:3: layout_spider_delve, uniq_aizul, uniq_arachne
Spider:4: grunt_spider_rune_circles, drop_trap
Slime:1:  layout_caves
Slime:2:  layout_caves
Slime:3:  layout_caves
Orc:1:    layout_caves, nicolae_orc_rich_vein
Orc:2:    st_orc_pillars, layout_diamond_mine, serial_shops, shop, shop, shop,
          shop
Elf:1:    layout_loops_corners, serial_shops, shop, shop, shop_statue,
          nicolae_shop_stone, minmay_elf_sorcery
Elf:2:    layout_rooms, serial_shops, shop
Elf:3:    elf_hall_gauntlet_narrow, layout_onion_city, gammafunk_ghost_split
Vaults:1: vaults_room_grunt_arrival_ludios, hangedman_vaults_maws,
          nicolae_vaults_big_ls, hangedman_vaults_corner_blocks,
          ontoclasm_vaults_misaligned, hangedman_vaults_nails, v_misc_29,
          dpeg_vaults_monster_box, v_misc_16, layout_vaults_big_room,
          serial_shops, nicolae_shop_trees
Vaults:2: vaults_room_door_hall, grunt_vaults_twisty,
          vaults_room_hangedman_quadrants, nicolae_vaults_network_square,
          v_rooms_3, vaults_room_fours, nicolae_vaults_little_squares_6,
          hangedman_vaults_maws, nicolae_vaults_little_squares_4,
          vaults_room_large_hall, nicolae_vaults_big_angled_halls,
          layout_vaults_maze
Vaults:3: ploomutoo_gammafunk_vaults_ghost_potion_laboratory,
          minmay_crypt_entry_simple_walls, hangedman_vaults_stream,
          hangedman_vaults_restitches, hangedman_vaults_locks,
          ontoclasm_vaults_ring_square, vaults_dpeg_hooks,
          dpeg_vaults_pockets_of_resistance, layout_vaults_omnigrid
Vaults:4: ontoclasm_vaults_hangar, v_pattern_5, hangedman_vaults_pinch,
          dpeg_vaults_monster_doublerow, v_misc_27, hangedman_vaults_impose,
          grunt_vaults_focal, nicolae_vaults_specimen_jars, v_misc_11,
          v_misc_23, hangedman_vaults_nails, ontoclasm_vaults_decontamination,
          layout_vaults_omnicross, serial_shops, nicolae_shop_crystal
Vaults:5: serial_shops
Crypt:1:  layout_gridlike, due_unseen_surprise
Depths:1: layout_honeycomb, rand_demon_pan_entry_9, abyss_entry,
          pf_hell_entry_tar_river, kennysheep_small_spiral,
          minmay_fire_ice_demons
Depths:2: thingy_vault, layout_basic, hangedman_geh_valley,
          serial_sigils_hangedman_snap, serial_shops, kennysheep_mini
Depths:3: minmay_the_grid_square_5x5_4x4 [minmay_the_grid_square_5x5_c,
          minmay_the_grid_square_5x5_half_checkered,
          minmay_the_grid_square_5x5_dogpile,
          minmay_the_grid_square_5x5_three_small,
          minmay_the_grid_square_5x5_seven,
          minmay_the_grid_square_5x5_prize_monsterx,
          minmay_the_grid_square_5x5_prize_rear_guard,
          minmay_the_grid_square_5x5_hourglass,
          minmay_the_grid_square_5x5_three_walls,
          minmay_the_grid_square_5x5_prize_pseudospiral,
          minmay_the_grid_square_5x5_prize_deathbox,
          minmay_the_grid_square_5x5_shrine1, minmay_the_grid_square_5x5_n,
          minmay_the_grid_square_5x5_empty,
          minmay_the_grid_square_5x5_pentomino_r,
          minmay_the_grid_square_5x5_eight], layout_basic,
          rand_demon_pan_entry_8, hell_entry, kennysheep_big_empty_room
Depths:4: minmay_slanted_spiral_squares, layout_gridville, abyss_entry,
          minmay_misc_feat_rugged, serial_rivers,
          chequers_serial_rivers_micro_d, chequers_serial_rivers_small_a,
          chequers_serial_rivers_micro_b, chequers_serial_rivers_room_a,
          mu_enter_wizlab_2, hell_entry, serial_shops, kennysheep_little_box,
          minislime_mu, infiniplex_staircase_pool_2, serial_bayou_shore_b,
          serial_bayou_shore_b
Depths:5: grunt_zot_entry_hairpin, layout_gridville, enter_ziggurat_b,
          grunt_decor_fettered, pan_entry, serial_shops, statue_bzr,
          hangedman_coc_ice_floe

Skill      XL: |  1  2  3  4  5  6  7  8  9 10 11 12 13 14 15 16 17 18 19 20 21 22 23 24 25 26 27 |
---------------+----------------------------------------------------------------------------------+-----
Unarmed Combat | 4 5 6 7 8 10 12 13 14 15 17 18 19 20 21 22 23 24 | 24.6
Fighting       | 3 4 5 6 7 8 9 10 11 12 13 15 16 17 18 20 | 20.0
Dodging        | 3 4 5 6 8 9 10 11 12 | 12.0
Shields        | 2 3 5 6 7 8 9 10 11 12 13 14 15 | 15.0
Throwing       | 1 5 6 |  6.0
Armour         | 8 10 11 13 15 16 17 18 19 | 19.9

Action                   |  1- 3 |  4- 6 |  7- 9 | 10-12 | 13-15 | 16-18 | 19-21 | 22-24 | 25-27 || total
-------------------------+-------+-------+-------+-------+-------+-------+-------+-------+-------++-------
Melee: Unarmed           |    91 |   192 |   346 |   554 |  1142 |  1357 |  1664 |  1447 |  1366 ||  8159
       Punch             |     2 |     2 |    15 |     5 |       |       |       |       |       ||    24
       Kick              |       |       |       |       |       |       |   197 |       |       ||   197
       Headbutt          |       |       |       |       |       |       |       |       |   139 ||   139
Throw: Stone             |       |       |   195 |   206 |       |       |       |       |       ||   401
       Boomerang         |       |       |       |    34 |   432 |   262 |   302 |   140 |    98 ||  1268
       Large rock        |       |       |       |     4 |    18 |    69 |       |       |       ||    91
       Dart              |       |       |       |     4 |    87 |   450 |     4 |       |       ||   545
       Javelin           |       |       |       |       |     6 |    19 |    17 |       |       ||    42
       Throwing net      |       |       |       |       |     1 |       |       |       |       ||     1
Invok: Berserk           |     2 |     4 |     3 |    12 |    14 |     9 |     4 |     1 |       ||    49
       Trog's Hand       |       |     1 |       |       |     3 |     3 |     6 |    12 |    18 ||    43
       Brothers in Arms  |       |       |       |     1 |     5 |     7 |    10 |     5 |     6 ||    34
 Abil: Evoke Flight      |       |       |     1 |       |       |       |       |       |       ||     1
  Use: Scroll            |       |       |     8 |    17 |     6 |    11 |     6 |     8 |     7 ||    63
       Potion            |       |       |       |     2 |       |     5 |    15 |    12 |    21 ||    55
 Stab: Sleeping          |       |       |     1 |     1 |     1 |       |       |       |       ||     3
       Confused          |       |       |       |     2 |       |       |       |       |       ||     2
       Distracted        |       |       |       |       |       |     2 |     6 |     3 |       ||    11
       Invisible         |       |       |       |       |       |       |       |     2 |       ||     2
  Eat: Chunk             |    15 |    26 |    42 |    74 |   137 |    99 |   112 |    65 |    29 ||   599
       Ration            |       |       |       |     2 |       |    10 |       |     4 |    11 ||    27
Armor: Animal skin       |    55 |    50 |   133 |    26 |    90 |    32 |       |       |       ||   386
       Robe              |       |       |       |    52 |   127 |       |       |       |       ||   179
       Skin              |       |       |       |    11 |       |       |       |       |       ||    11
       Swamp dragon scal |       |       |       |       |       |   163 |       |       |       ||   163
       Ice dragon scales |       |       |       |       |       |   184 |   287 |    95 |       ||   566
       Gold dragon scale |       |       |       |       |       |       |       |   239 |   480 ||   719
Dodge: Dodged            |    67 |    79 |   178 |   221 |   325 |   517 |   399 |   309 |   322 ||  2417
Block: Shield            |       |       |       |   136 |   163 |       |       |       |       ||   299
       Large shield      |       |       |       |       |   745 |  1693 |  1605 |  1520 |  1790 ||  7353
       Reflection        |       |       |       |       |       |    85 |   230 |    74 |    52 ||   441
